[Event "Nakhchivan Open 2022"]
[Site "Nakhchivan"]
[Date "2022.05.12"]
[Round "6.2"]
[White "Mahdavi, Reza"]
[Black "Lorparizangeneh, Shahin"]
[Result "0-1"]
[ECO "B52"]
[WhiteElo "2303"]
[BlackElo "2502"]
[Annotator "TA"]
[PlyCount "82"]
[EventDate "2022.05.08"]
[EventType "swiss"]
[EventCountry "AZE"]
[SourceTitle "playchess.com"]
[Source "ChessBase"]
[SourceQuality "1"]
[TimeControl "5400+30"]

1. e4 c5 2. Nf3 d6 3. Bb5+ Bd7 4. Bxd7+ Nxd7 5. O-O Ngf6 6. Qe2 e6 7. c3 Be7 8. d4 O-O 9. Rd1 cxd4 {[%emt 0:01:47] B52: Sicilian: Moscow Variation with 3...Bd7.} 10. cxd4 b5 11. Nbd2 {[%emt 0:05:02] 11.e5 is the modern continuation.} Qb6 {[%emt 0:00:57] The position is equal.} 12. Nf1 Rfc8 {[%emt 0:01:05] [#]} 13. Bg5 $146 ({Predecessor:} 13. Bf4 a6 14. Ng3 Rc7 15. d5 exd5 16. exd5 Bf8 17. Nd4 Re8 18. Qf3 Ne5 19. Bxe5 {½-½ (19) Areshchenko,A (2670)-Mchedlishvili,M (2584) Terme Catez 2022}) 13... h6 14. Bh4 Bf8 15. Bxf6 Nxf6 16. d5 e5 17. Rac1 Qa6 18. a3 g6 19. Ne1 Qa4 20. f3 h5 21. Nd3 a5 22. Rc6 Rxc6 23. dxc6 Rc8 24. Rc1 Bh6 {[%emt 0:07:48] Inhibits Qe3.} 25. Rc3 b4 26. Qc2 Qb5 27. axb4 axb4 28. Rc4 b3 29. Qc3 d5 $36 {[%emt 0:10:30][%mdl 2048] Black has good play.} 30. Rc5 {[%emt 0:04:44] [#]} (30. Rb4 $1 $15 Qxc6 31. Qxc6 Rxc6 32. exd5 Nxd5 33. Rb8+ Bf8 34. g3) 30... Qb6 $1 $17 {[%emt 0:00:17] Black is more active.} 31. exd5 $2 {[%emt 0:00:29][%mdl 8192] Loses the game.} (31. Qa5 $17 {is more resistant.} Qxa5 32. Rxa5 dxe4 33. fxe4) 31... Bf8 $19 {[%emt 0:05:00][%mdl 64] aiming for ...Nxd5. Pin. Black is clearly winning.} 32. Ne3 {[%emt 0:00:05] [#]} e4 $1 33. Qa5 Qxa5 34. Rxa5 exd3 35. Kf2 d2 {[%emt 0:00:20] Hoping for ...Re8.} 36. Rb5 Re8 {[%emt 0:01:36][%cal Oe8e3] White must now prevent ...Rxe3!} 37. Ke2 Bh6 38. Kxd2 Rxe3 39. Kd1 Rd3+ 40. Ke2 Rd2+ 41. Ke1 Nxd5 {[%emt 0:00:05] Weighted Error Value: White=0.40/Black=0.02 (flawless)} 0-1

[Event "Nakhchivan Open 2022"]
[Site "Nakhchivan"]
[Date "2022.05.12"]
[Round "6.3"]
[White "Rasulov, Vugar"]
[Black "Hasanov, Rashad"]
[Result "1-0"]
[ECO "E11"]
[WhiteElo "2445"]
[BlackElo "2142"]
[Annotator "TA"]
[PlyCount "59"]
[EventDate "2022.05.08"]
[EventType "swiss"]
[EventCountry "AZE"]
[SourceTitle "playchess.com"]
[Source "ChessBase"]
[SourceQuality "1"]
[TimeControl "5400+30"]

1. d4 Nf6 2. c4 e6 3. Nf3 Bb4+ 4. Nbd2 b6 5. a3 Bxd2+ 6. Qxd2 Bb7 7. e3 O-O 8. Be2 d5 {[%emt 0:06:26] E14: Queen's Indian: Classical Variation (4 e3).} 9. b3 Nbd7 10. O-O dxc4 {[%emt 0:04:06] White has an edge.} 11. bxc4 c5 12. Bb2 cxd4 13. exd4 Rc8 14. Rac1 Qc7 {[%emt 0:06:11] [#]} 15. h3 $146 ({Predecessor:} 15. Qe3 Ng4 16. Qg5 Bxf3 17. g3 Bxe2 18. d5 f6 {0-1 (18) Aditya,M (2487)-Martinez Alcantara,J (2598) Chess.com INT 2022}) 15... Rfd8 16. Qe3 Qb8 17. Rfd1 a6 18. Ne5 Ba8 {[%emt 0:07:37] Inhibits d5.} (18... h6 $14) 19. Nxd7 Nxd7 20. d5 e5 (20... Qd6 $16 21. a4 exd5) 21. Bg4 $18 {[%emt 0:00:19] [#] Black must now prevent Bxd7.} f6 22. a4 Rc7 (22... a5 {is a better defense.} 23. Ba3 Qc7) 23. a5 bxa5 24. Ba3 {[%emt 0:00:12] A strong pair of Bishops.} Nb6 25. d6 Rc6 26. Rb1 Qb7 27. Bf3 Nxc4 28. Qd3 ({Less strong is} 28. Rxb7 Nxe3 29. Re7 Nxd1 $16) 28... Qc8 29. d7 Qc7 30. Be7 {[%emt 0:00:06] Weighted Error Value: White=0.05 (flawless) /Black=0.65} (30. Qd5+ $142 Kh8 {[#]} 31. Qf7 $1 Nd6 32. Rxd6 Rc1+ 33. Rxc1 h6 34. Rxc7 Bb7 35. Bxb7) 1-0

[Event "Nakhchivan Open 2022"]
[Site "Nakhchivan"]
[Date "2022.05.12"]
[Round "6.4"]
[White "Hasanzade, Toghrul"]
[Black "Haznedaroglu, Kivanc"]
[Result "0-1"]
[ECO "B47"]
[WhiteElo "2279"]
[BlackElo "2425"]
[Annotator "TA"]
[PlyCount "54"]
[EventDate "2022.05.08"]
[EventType "swiss"]
[EventCountry "AZE"]
[SourceTitle "playchess.com"]
[Source "ChessBase"]
[SourceQuality "1"]
[TimeControl "5400+30"]

1. e4 c5 2. Nf3 e6 3. d4 cxd4 4. Nxd4 Nc6 5. Nc3 Qc7 6. f4 a6 7. Nxc6 Qxc6 8. Bd3 b5 9. Qe2 Bb7 10. Bd2 Bc5 11. O-O-O {[%emt 0:00:15] B47: Sicilian: Taimanov: 5 Nc3 Qc7 6 f4, 6 g3 and 6 Be2.} b4 {[%emt 0:05:01] [#]} 12. Nd5 Ne7 13. Nxb4 {[%emt 0:06:33] White is slightly better.} Qb6 14. a3 {[%emt 0:02:03] [#]} (14. c3 $14) 14... O-O $146 ({Black should play} 14... a5 $15 15. Na2 Bc6) ({Predecessor:} 14... Rb8 15. Bc3 O-O 16. Nxa6 Bxa6 17. Bxa6 d5 18. b4 Be3+ 19. Kb2 dxe4 20. Bc4 Rfc8 {0-1 (29) Afraoui,A (2120)-Milliet,S (2401) Europe Echecs INT 2020}) 15. Rhf1 (15. Rhe1 $1 $11 {remains equal.}) 15... a5 16. Na2 Rab8 $36 {[%emt 0:00:01][%cal Ob7d5][%mdl 2048] Keeping White busy. Black is more active.} ({But not} 16... Bd4 17. Nc3 $14) 17. Bc3 d5 18. Be5 dxe4 19. Bb5 Nd5 {[%emt 0:19:58] White must now prevent ...Rbc8.} 20. c4 Ne3 21. Bxb8 Rxb8 22. Nc3 Nxd1 23. Nxd1 {[%emt 0:06:37] [#]} (23. Rxd1 $17 Bd4 24. g3) 23... Rd8 $1 $19 {[%emt 0:00:37] Threatens to win with ...e3.} 24. g3 $2 (24. Re1) 24... e3 {[%emt 0:00:50] aiming for ...Rd2.} 25. Nc3 Rd2 26. Qh5 Qd6 27. Qe5 Qd3 {[%emt 0:00:44] Black took control after the opening.  Weighted Error Value: White=0.70/Black=0.08 (flawless)} 0-1

[Event "Nakhchivan Open 2022"]
[Site "Nakhchivan"]
[Date "2022.05.12"]
[Round "6.5"]
[White "Mammadov, Zaur"]
[Black "Ahmadov, Fariz"]
[Result "1/2-1/2"]
[ECO "C41"]
[WhiteElo "2410"]
[BlackElo "2182"]
[Annotator "TA"]
[PlyCount "77"]
[EventDate "2022.05.08"]
[EventType "swiss"]
[EventCountry "AZE"]
[SourceTitle "playchess.com"]
[Source "ChessBase"]
[SourceQuality "1"]
[TimeControl "5400+30"]

1. e4 e5 2. Nf3 d6 3. d4 exd4 4. Nxd4 Nf6 5. Nc3 Be7 6. Be2 O-O 7. O-O c5 {[%emt 0:01:24] C41: Philidor Defence.} 8. Nf5 Bxf5 9. exf5 Nc6 {[%emt 0:00:05] White is slightly better.} 10. Bf3 Nd4 11. g4 {[%emt 0:04:58][%cal Bg2g4,Bg4g5][%mdl 32] [#]} d5 $146 ({Predecessor:} 11... Nxf3+ 12. Qxf3 h6 13. Nd5 Nxd5 14. Qxd5 Bf6 15. c3 Re8 16. Qxb7 d5 17. Bf4 Re4 {0-1 (57) Melekhina,A (2263)-Sapozhnikov,R (2295) Toronto 2011}) 12. Bg2 h6 {[%emt 0:00:29] Prevents Bg5.} 13. f4 {[%emt 0:04:57] Hoping for g5.} Re8 14. g5 Ne4 15. f6 gxf6 16. Nxe4 dxe4 {[%emt 0:00:15] The position is equal.} 17. c3 Nf3+ 18. Bxf3 exf3 19. Qxf3 fxg5 (19... hxg5 $2 20. fxg5 c4 21. gxf6 Qb6+ 22. Kg2 Bxf6 23. Qxf6 $18) 20. fxg5 Bxg5 21. Bxg5 Qxg5+ 22. Kh1 Kh8 23. Rg1 Qe5 24. Rae1 Qd6 (24... Qxe1 $2 {gets mated.} 25. Qf6+ Kh7 26. Qg7#) 25. Qxb7 Rg8 26. Rd1 Rxg1+ 27. Rxg1 $11 {[%emt 0:03:02][%mdl 4096] Endgame KQR-KQR} Rd8 28. Rf1 f5 29. c4 Qd3 {[%emt 0:01:38][%csl LRc4,LRf1][%cal Rd3f1] [#]} 30. Rg1 Qe4+ 31. Qxe4 fxe4 {[%emt 0:00:01] KR-KR} 32. Rg6 Kh7 33. Re6 Rd1+ 34. Kg2 Rd2+ 35. Kg3 Rxb2 36. Rxe4 Rxa2 37. Re5 Rc2 38. Rxc5 a5 39. Rxa5 {[%emt 0:01:25] Weighted Error Value: White=0.03 (flawless) /Black=0.02 (flawless)} 1/2-1/2

[Event "Nakhchivan Open 2022"]
[Site "Nakhchivan"]
[Date "2022.05.12"]
[Round "6.6"]
[White "Asgari, Morteza"]
[Black "Novruzov, Emin"]
[Result "1-0"]
[ECO "C63"]
[WhiteElo "2244"]
[BlackElo "1981"]
[Annotator "TA"]
[PlyCount "85"]
[EventDate "2022.05.08"]
[EventType "swiss"]
[EventCountry "AZE"]
[SourceTitle "playchess.com"]
[Source "ChessBase"]
[SourceQuality "1"]
[TimeControl "5400+30"]

1. e4 e5 2. Nf3 Nc6 3. Bb5 f5 4. d3 fxe4 5. dxe4 Nf6 6. O-O Bc5 7. Bxc6 bxc6 8. Nxe5 O-O 9. Nc3 Qe8 {[%emt 0:02:34] C63: Ruy Lopez: Schliemann/Jaenisch Defence.} 10. Nd3 {[%emt 0:05:02] Black must now prevent e5. White is more active.} Bd4 {[%emt 0:04:31] Inhibits e5.} 11. e5 Bxe5 {[%emt 0:26:24] [#] White is better.} 12. Re1 $1 d6 13. Nxe5 dxe5 {[%emt 0:00:12] [#]} 14. Bf4 $146 ({Predecessor:} 14. Qe2 Qg6 15. Ne4 Nxe4 16. Qxe4 Bf5 17. Qc4+ Kh8 18. c3 Rae8 19. Qh4 Re6 20. f3 {1-0 (48) Tay,B (1796)-Jiang,B (1954) Chess.com INT 2021}) 14... Ng4 15. Bg3 Qg6 16. f3 Nf6 17. Bxe5 Bf5 18. Bxc7 Rac8 19. Re7 Bxc2 20. Qd6 Ne8 21. Qxg6 Bxg6 22. Be5 Rf7 23. Rxf7 Kxf7 24. Rd1 {[%emt 0:00:43] Against Rd8} Ke6 25. Re1 Kf7 26. Rd1 Ke6 $1 27. f4 h5 28. Kf2 Nf6 29. Bxf6 gxf6 $18 {[%emt 0:00:14][%mdl 4096] Endgame KRB-KRN} 30. Rd4 Rb8 31. b3 Rb7 32. Rc4 Kd6 33. Kf3 Rb6 (33... Rd7 $142 34. Ne4+ Ke7) 34. h3 Bf7 35. Ra4 Rb7 36. g4 hxg4+ 37. hxg4 ({Don't do} 37. Kxg4 $6 Be6+ 38. f5 Bd5) 37... Bd5+ 38. Nxd5 cxd5 39. Ra6+ Kc5 $2 {[%emt 0:00:37] [#]} (39... Ke7 40. Ke3 Kf7) 40. Rxf6 {[%emt 0:01:01] White is clearly winning.} Re7 41. Rf5 Kd6 42. g5 d4 43. Re5 {[%emt 0:00:11] Weighted Error Value: White=0.16 (very precise) /Black=0.17 (very precise)} 1-0

[Event "Nakhchivan Open 2022"]
[Site "Nakhchivan"]
[Date "2022.05.12"]
[Round "7.1"]
[White "Shahaliyev, Ismayil"]
[Black "Lorparizangeneh, Shahin"]
[Result "1-0"]
[ECO "A40"]
[WhiteElo "2386"]
[BlackElo "2502"]
[Annotator "TA"]
[PlyCount "103"]
[EventDate "2022.05.08"]
[EventType "swiss"]
[EventCountry "AZE"]
[SourceTitle "playchess.com"]
[Source "ChessBase"]
[SourceQuality "1"]
[TimeControl "5400+30"]

1. d4 Nf6 2. c4 e6 3. g3 d5 4. Nf3 Bb4+ 5. Bd2 a5 6. Bg2 dxc4 7. Qc2 {[%emt 0:00:27] E04: Open Catalan: 5 Nf3.} Bxd2+ 8. Qxd2 c6 9. a4 {[%emt 0:02:02][%mdl 1024] White has compensation. The position is equal.} Ne4 10. Qf4 Nd6 {[%emt 0:00:43] was the old line (10...Qb6).} 11. O-O Na6 12. Na3 Nb4 13. Ne5 O-O 14. Rfd1 Nd5 15. Qc1 Nb6 16. Naxc4 Ndxc4 17. Nxc4 Nxc4 18. Qxc4 Ra6 {[%emt 0:01:00] [#]} 19. Rab1 $146 ({Predecessor:} 19. Qc5 Rb6 20. Qxa5 Rxb2 21. Qc3 Qb6 22. e3 Rd8 23. a5 Qb4 24. Qxb4 Rxb4 25. Rdc1 {½-½ (39) Donchenko,A (2570)-Pogonina,N (2454) Caleta 2016}) 19... Rb6 20. b4 axb4 21. Rxb4 Ra6 22. Qb3 Qe7 23. Rc1 Rd8 24. Rc5 h6 25. e3 Qc7 26. h4 Ra5 {[%emt 0:00:26] [#]} 27. Rbb5 $1 Ra7 (27... Ra6 28. Rc3) 28. a5 Ra6 29. Rb6 Ra7 30. Be4 Bd7 31. Qb4 Rda8 32. Kg2 Bc8 33. Bd3 Qe7 34. Qc3 {[%emt 0:01:31] White is much more active.} Qd8 35. Kg1 Qe7 36. a6 bxa6 $2 (36... Qd8 $16 37. Qb2 bxa6) 37. Rbxc6 $18 Bd7 {[%emt 0:04:07] [#]} 38. Rc8+ Be8 {[%emt 0:00:26] [#]} 39. Be4 {[%emt 0:00:44] Inhibits Qb7.} (39. Bc2 $1 $18 {and the rest is easy.}) 39... Rxc8 $16 40. Rxc8 Rd7 $2 {[%emt 0:00:56][%mdl 8192] A mistake that costs the game.} (40... f5 $16) 41. Qa5 $18 {[%emt 0:02:11] White is clearly winning.} Rd6 42. Qc7 Kf8 43. Bc6 Rxc6 44. Qxc6 {[%emt 0:00:03][%mdl 4096] Endgame KQR-KQB} a5 45. Qa8 Qd7 46. Rd8 Qb5 47. Rb8 Qa4 48. Qa7 {[%emt 0:02:28] Black must now prevent Qc5+.} g6 49. Qc5+ Kg7 50. Qe5+ ({Stronger than} 50. Qe7 Qd1+ 51. Kh2 Qf3 $11) (50. Qc8 $142 Kf8 51. Kg2) 50... Kh7 51. d5 Qd1+ 52. Kg2 {[%emt 0:00:03] Weighted Error Value: White=0.22 (precise) /Black=0.49} 1-0

[Event "Nakhchivan Open 2022"]
[Site "Nakhchivan"]
[Date "2022.05.12"]
[Round "7.2"]
[White "Haznedaroglu, Kivanc"]
[Black "Rasulov, Vugar"]
[Result "0-1"]
[ECO "B20"]
[WhiteElo "2425"]
[BlackElo "2445"]
[Annotator "TA"]
[PlyCount "74"]
[EventDate "2022.05.08"]
[EventType "swiss"]
[EventCountry "AZE"]
[SourceTitle "playchess.com"]
[Source "ChessBase"]
[SourceQuality "1"]
[TimeControl "5400+30"]

1. e4 c5 2. b3 a6 3. Bb2 Nc6 4. f4 d5 5. exd5 Qxd5 6. Nc3 {[%emt 0:00:28] B20: Sicilian: Unusual White 2nd moves.} Qd8 7. Nf3 Nf6 8. g3 {[%emt 0:03:14] [#] White has an edge.} g6 $146 ({Predecessor:} 8... e6 9. Bg2 Qc7 10. Qe2 Be7 11. O-O-O O-O 12. Ne4 Nd7 13. Kb1 Re8 14. h4 b5 15. Nfg5 Nf8 16. Qh5 Bxg5 17. hxg5 c4 18. Nf6+ gxf6 19. gxf6 {1-0 (19) Sulskis,G (2228)-Hyseni,J Plovdiv 2010}) 9. Bg2 Bg7 10. O-O O-O 11. Na4 c4 12. Ne5 (12. bxc4 Qa5 $14) 12... Nxe5 13. Bxe5 Bg4 14. Qe1 b5 15. Nc3 (15. Nc5 $11) 15... Rc8 $15 16. bxc4 Rxc4 17. h3 Be6 18. a3 h5 {[%emt 0:02:14] Against g4} 19. Kh2 Qd7 20. Rf3 Bf5 $1 21. Rc1 Rfc8 {[%emt 0:01:02] Black is more active.} 22. Re3 a5 (22... R4c5 $17) 23. Bxf6 Bxf6 24. Nd5 Rxc2 25. Rxe7 Bxe7 (25... Rxc1 $2 26. Nxf6+ Kh8 27. Qe5 (27. Nxd7 Rxe1 28. Rxe1 Bxd7 $17) 27... Qxe7 28. Qxe7 $18) 26. Nxe7+ Kh7 27. Nxc8 {[%emt 0:00:12] And now Rxc2 would win.} Rxd2 (27... Rxc8 28. Rxc8 Qxc8 29. d4 $11) 28. g4 $2 {[%emt 0:21:44][%mdl 8192] [#] Loses the game.} (28. Kh1 $17) 28... Qd5 $1 $19 ({And not} 28... hxg4 29. hxg4 Bxg4 30. Kh1 $11) 29. Qg3 Be4 30. Rg1 Bxg2 ({Worse is} 30... Qb7 31. Qe3 Rxg2+ 32. Rxg2 Bxg2 33. Nd6 $11) 31. Rxg2 {[%emt 0:01:06] [#]} b4 $1 32. Rxd2 Qxd2+ 33. Kg1 Qc1+ (33... Qd1+ $142 34. Kf2 Qc2+ 35. Ke3 bxa3 36. Qe1 a2 37. Nd6 Qb3+ 38. Kd4 Qb2+ 39. Kd5 a1=Q 40. Qxa1 Qxa1 41. g5 Qa2+ 42. Nc4 Qg2+ 43. Kd4 Qxh3 44. Nd6 a4 45. Ne4 a3 46. Nc3 Qd7+ 47. Ke3 Qe6+ 48. Kd4 a2 49. Nxa2 Qxa2 50. Kc5 h4 51. Kd4 h3 52. Kc5 h2 53. Kb6 h1=Q 54. f5 Qa4 55. fxg6+ fxg6 56. Kc7 Qhc6+ 57. Kd8 Qd7#) 34. Kf2 Qc2+ 35. Ke1 b3 {[%emt 0:00:35] Black mates.} 36. gxh5 b2 37. hxg6+ Qxg6 {[%emt 0:00:03] Weighted Error Value: White=0.69/Black=0.25 (precise)} ({Weaker is} 37... fxg6 38. Qh4+ Kg8 39. Qd8+ Kh7 40. Qh4+ Kg8 41. Qd8+ Kh7 42. Qe7+ Kh8 43. Qf8+ Kh7 44. Qe7+ Kh8 45. Qh4+ Kg8 $11) 0-1

[Event "Nakhchivan Open 2022"]
[Site "Nakhchivan"]
[Date "2022.05.12"]
[Round "7.3"]
[White "Ahmadov, Fariz"]
[Black "Mammadov, Sadig"]
[Result "1-0"]
[ECO "D02"]
[WhiteElo "2182"]
[BlackElo "2265"]
[Annotator "TA"]
[PlyCount "149"]
[EventDate "2022.05.08"]
[EventType "swiss"]
[EventCountry "AZE"]
[SourceTitle "playchess.com"]
[Source "ChessBase"]
[SourceQuality "1"]
[TimeControl "5400+30"]

1. d4 d5 2. Nf3 Nf6 3. Bf4 g6 4. e3 Bg7 5. c4 e6 6. Nc3 O-O {[%emt 0:00:20][%cal Oc7c5] D92: Grünfeld: 4 Nf3 Bg7 5 Bf4.} 7. Rc1 a6 8. h3 Nc6 {[%emt 0:06:26] White is slightly better.} 9. Be2 dxc4 10. Bxc4 {[%emt 0:00:11] [#]} b6 $146 ({Predecessor:} 10... b5 11. Bd3 Nb4 12. Bb1 Bb7 13. e4 Nc6 14. O-O Rc8 15. Qd2 Ne7 16. b4 Ne8 {1-0 (59) Bonte,A (1917)-Brown,S (1991) Bucharest 2019}) 11. O-O Bb7 12. a3 Rc8 13. Qe2 b5 14. Ba2 {[%emt 0:00:16] White is more active.} Nd7 15. d5 ({Better is} 15. Rfd1 $16) 15... exd5 $14 16. Nxd5 {[%emt 0:01:38] Threatens to win with Bg5.} Nce5 17. Nxe5 Nxe5 18. Rfd1 {[%emt 0:00:13][%cal Od5b6] And now Nb6! would win.} c5 $1 19. Nc3 Qe7 20. e4 c4 21. Bb1 {[%emt 0:01:06] Prevents Nd3.} Qe6 22. Rd2 Nd3 (22... a5 $11) 23. Bxd3 cxd3 24. Rxd3 Bxc3 25. Rdxc3 Rxc3 26. Rxc3 Qxe4 27. Qxe4 Bxe4 {[%emt 0:00:03][%mdl 4096] Endgame KRB-KRB} 28. f3 Bd5 29. Rc5 Be6 30. Rc6 Ra8 31. Be5 g5 32. Rb6 h6 33. Kf2 Kf8 34. Bb8 Ke8 35. g4 Kd7 36. f4 gxf4 37. Bxf4 Rh8 38. Rd6+ Kc8 39. Rb6 Kd7 $1 40. Rd6+ Kc8 $1 41. Rxa6 Kb7 {[%emt 0:00:05] Against Ra8} 42. Rd6 h5 43. Be5 Rg8 44. Kg3 ({White should try} 44. gxh5 $16 Rg5 45. Bg3) 44... Rg5 $2 (44... hxg4 $14 45. h4 Rc8) 45. Kf4 Rg8 {[%emt 0:01:05][%cal Rh5g4] [#]} 46. gxh5 (46. Rxe6 $142 $1 {[%mdl 512] Hoping for Re7+.} fxe6 47. gxh5) 46... Bxh3 $18 47. h6 Rg4+ 48. Kf3 Rh4 49. Bf4 Be6 $2 {[%emt 0:00:53] [#]} (49... Bf5 50. Rd5 Rh3+ 51. Kg2 Rh5 52. Rxb5+ Kc6) 50. Ke4 $2 (50. Rxe6 $1 fxe6 51. Bg5) 50... Rh5 51. Rd2 {[%emt 0:00:22] Rh2 is the strong threat.} Kc6 $2 (51... Bf5+ 52. Ke5 Bg6+ 53. Kd6 Kb6) 52. Rc2+ Kd7 {[%emt 0:00:11] aiming for ...Bf5+.} 53. Rh2 Bg4 54. Rd2+ $2 (54. Rxh5 {White wants to mate with Rc5.} Bxh5 55. Ke5) 54... Ke7 55. Rf2 Ke6 56. Rh2 $2 (56. Kd4 $18) 56... Rxh2 $4 (56... Kd7 $11) 57. Bxh2 $11 {[%emt 0:00:03] KB-KB} Kf6 58. Kd5 {[%emt 0:00:16] Threatening mate with Bf4.} Be2 59. Bf4 Bd3 60. Kd4 Bc2 61. Kc5 Bd3 62. Kd4 Bc2 $1 63. Bd2 Bb1 64. b3 Bc2 65. Kc3 Be4 66. Kb4 Bd3 67. Kc5 Ke6 68. Kc6 Kf6 69. a4 bxa4 70. bxa4 {[%emt 0:00:01][%cal Bb3a4,Ba4a5,Ba5a6,Ba6a7][%mdl 32] White mates.} Ke5 71. a5 Bg6 72. a6 Be4+ 73. Kc7 Kf6 74. a7 Kg6 75. Kb8 {[%emt 0:00:11] Weighted Error Value: White=0.64/Black=0.42} 1-0

[Event "Nakhchivan Open 2022"]
[Site "Nakhchivan"]
[Date "2022.05.12"]
[Round "7.4"]
[White "Ahmad, Khagan"]
[Black "Asgari, Morteza"]
[Result "0-1"]
[ECO "C41"]
[WhiteElo "2178"]
[BlackElo "2244"]
[Annotator "TA"]
[PlyCount "88"]
[EventDate "2022.05.08"]
[EventType "swiss"]
[EventCountry "AZE"]
[SourceTitle "playchess.com"]
[Source "ChessBase"]
[SourceQuality "1"]
[TimeControl "5400+30"]

1. e4 d6 2. Nc3 e5 3. Nf3 Nf6 4. d4 Nbd7 5. Bc4 Be7 6. O-O O-O 7. a4 c6 8. a5 Qc7 9. Re1 Rb8 10. Be3 {[%emt 0:01:37] C41: Philidor Defence.} b5 11. axb6 axb6 12. d5 {[%emt 0:05:16] The position is equal.} b5 $1 {[%emt 0:05:56] [#]} 13. dxc6 $146 (13. Ra7 {feels hotter.} Rb7 14. Rxb7 Bxb7 15. dxc6 Bxc6 16. Bxb5 Nxe4 17. Nxe4 Bxe4 18. Bxd7 Bxf3 19. Qxf3 Qxd7 20. Bd2) ({Predecessor:} 13. Ra7 Rb7 14. Rxb7 Bxb7 15. dxc6 bxc4 16. cxb7 Qxb7 17. Bc1 Nc5 18. Nd2 Rc8 19. Qe2 {0-1 (44) Celik,E (1864)-Tosic,N (2075) Paracin 2018}) 13... bxc4 14. cxd7 Bxd7 15. Bg5 Be6 16. Bxf6 Bxf6 17. Ra6 Rxb2 18. Rxd6 Be7 19. Rd2 {[%emt 0:04:20] Loses the game.} ({White should play} 19. Ra6 $15) 19... Bb4 $36 {[%emt 0:03:07][%mdl 2048] Black is in control.} 20. Re3 (20. Nd5 Bxd5 21. c3) 20... Qa5 21. Rd5 (21. Nd5 $142 Bxd2 22. Nxd2 Bxd5 23. exd5 Qxd5 24. h4) 21... Bxd5 22. Nxd5 Qa2 (22... Ra2 $142 {aiming for ...Ra1.} 23. Nxb4 Ra1 24. Qxa1 Qxa1+ 25. Re1 Qb2) 23. Nxb4 Rxb4 24. Re1 $2 (24. Qd2 {is a better defense.} Rb2 25. Re2) 24... Rb2 {[%emt 0:04:04][%cal Bb4b2,Bb2c2,Bc2d2][%mdl 32] Black is clearly winning.} 25. Nxe5 Rxc2 26. Rf1 c3 {[%emt 0:07:01][%cal Bc4c3,Bc3c2][%mdl 32] [#] ...Rb2 is the strong threat.} 27. Qd3 Qb3 28. h4 Rd2 29. Qf3 Rb2 30. Kh2 c2 {[%emt 0:01:28] [#] Threatens to win with ...Qxf3.} 31. Rc1 Qxf3 32. Nxf3 {[%emt 0:00:04][%mdl 4096] Endgame KRR-KRN} Rd8 {[%emt 0:00:33] Strongly threatening ...Rd1.} 33. Ne1 Rb1 34. Rxc2 Rxe1 35. f3 h6 36. Kg3 Red1 {[%emt 0:00:13] White must now prevent ...R8d2.} 37. h5 R1d2 38. Rc3 R8d3 39. Rc8+ Kh7 40. Rc7 Rd7 41. Rc1 Re2 42. Kh3 Rdd2 43. g4 Rd3 44. Kg3 Rxe4 {[%emt 0:00:10] Weighted Error Value: White=0.61/Black=0.12 (very precise)} 0-1

[Event "Nakhchivan Open 2022"]
[Site "Nakhchivan"]
[Date "2022.05.12"]
[Round "7.5"]
[White "Azadaliyev, Jahandar"]
[Black "Zeynalli, Rashad"]
[Result "1-0"]
[ECO "E06"]
[WhiteElo "2088"]
[BlackElo "2226"]
[Annotator "TA"]
[PlyCount "129"]
[EventDate "2022.05.08"]
[EventType "swiss"]
[EventCountry "AZE"]
[SourceTitle "playchess.com"]
[Source "ChessBase"]
[SourceQuality "1"]
[TimeControl "5400+30"]

1. d4 Nf6 2. c4 e6 3. Nf3 d5 4. g3 Be7 5. Bg2 O-O 6. O-O dxc4 7. Qc2 b5 8. Ne5 {[%emt 0:04:02] E05: Open Catalan: 5 Nf3 Be7.} Nd5 9. a4 c6 10. axb5 {[%emt 0:03:47] The position is equal.} cxb5 11. Nc3 f6 12. Ng4 Qd7 13. Be4 $1 $36 {[%emt 0:18:21][%mdl 3072] [#] White has compensation. White is pushing.} f5 $146 ({Predecessor:} 13... Nxc3 14. Bxa8 Nd5 15. Bxd5 exd5 16. f3 Nc6 17. e3 a5 18. Bd2 Qc7 19. Nf2 Bd6 {0-1 (34) Koutsaftis,E (1611)-Fasching,M (2029) Heraklion 2019}) 14. Ne5 Qb7 15. Bg2 Nd7 16. Ra5 a6 17. Nxd5 exd5 {[%emt 0:00:33] [#]} 18. Nxc4 $1 {[%emt 0:01:12][%cal Oc1f4][%mdl 64] Pin} Nf6 19. Ne5 Bd7 20. Bg5 Rfc8 21. Qb3 {[%emt 0:00:39] White is more active.} Be6 22. Nd3 Ne4 (22... Bd8 $16 {is a better defense.}) 23. Bxe7 $18 Qxe7 24. Rfa1 Qd6 25. Qa3 Qxa3 26. R5xa3 Rc6 27. Bxe4 (27. Ra5 $18) 27... dxe4 $16 28. Nc5 Bc4 29. e3 b4 30. Ra4 Rb6 31. Rc1 Bd5 32. Ra5 Rc6 33. b3 Be6 (33... Rb6 $16) 34. Rca1 $18 Kf7 (34... Bf7 $142 35. Rb5 (35. Nxa6 Bxb3 36. Nxb4 Rxa5 $16) 35... Rcc8) 35. Nxe6 (35. Nxa6 Bxb3 36. Nxb4 Rxa5 37. Rxa5 Rc1+ 38. Kg2 Kg6 $16) 35... Rxe6 36. Rxf5+ {[%emt 0:00:02][%mdl 4096] Endgame KRR-KRR} Kg6 37. Rc5 Rf6 38. Ra4 Raf8 39. Rc2 ({Weaker is} 39. Rxb4 Rxf2 40. d5 Rf1+ 41. Kg2 R8f2+ 42. Kh3 Rh1 43. Rb6+ (43. Rxe4 $2 {is a self mate.} Rhxh2+ 44. Kg4 h5#) 43... Rf6 $16) 39... Rb8 40. Ra5 Re8 41. Rca2 Rc8 42. R5a4 ({Not} 42. Rxa6 Rc3 $16) 42... Rc1+ 43. Kg2 a5 44. Rxa5 Rb1 45. Rb5 Rxb3 46. Rc2 Rb1 47. Rb7 {[%emt 0:02:37] Hoping for Rcc7.} Kh6 48. d5 b3 49. Rc6 Rb2 $2 {[%emt 0:06:10] [#] This costs Black the game.} (49... Rxc6 $16 50. dxc6 Kg6) 50. Rxf6+ $1 gxf6 {[%emt 0:00:01] KR-KR} 51. d6 Rd2 52. Rxb3 Rxd6 $2 (52... f5 {was called for.} 53. Rb6 Kg7) 53. g4 Kg6 54. Rb5 {[%emt 0:00:13] Inhibits h5.} Ra6 55. h4 Ra4 56. Rb6 Kg7 57. Kg3 Rc4 58. Rb7+ Kh6 59. Rd7 Rc1 60. Kg2 {[%emt 0:00:52] Prevents Rg1+.} Rc5 61. Rd4 Re5 62. Kg3 Kg6 63. Rd6 Kf7 64. Kf4 {[%emt 0:00:06] And now g5 would win.} h5 (64... Re7 $142 65. Rb6 h5 66. gxh5 Kg7) 65. g5 {[%emt 0:00:10] Weighted Error Value: White=0.17 (very precise) /Black=0.43} 1-0